 Dungeon Crawl Stone Soup version 0.23.2-33-g5129a83184 (webtiles) character file.

Game seed: 4865106783150890861

730 Asagix the Insei (level 7, 0/53 HPs)
             Began as a Gnoll Transmuter on June 28, 2019.
             Succumbed to a killer bee's poison
             ... on level 5 of the Dungeon.
             The game lasted 00:20:19 (3613 turns).

Asagix the Insei (Gnoll Transmuter)                 Turns: 3613, Time: 00:20:20

Health: 0/53       AC:  4    Str: 13    XL:     7   Next: 73%
Magic:  13/15      EV: 20    Int: 20    God:
Gold:   256        SH:  0    Dex: 20    Spells: 7/17 levels left

rFire    + . .     SeeInvis .   x - +4 falchion
rCold    . . .     Gourm    .   (no shield)
rNeg     . . .     Faith    .   r - +1 leather armour {rF+}
rPois    .         Spirit   .   (no helmet)
rElec    .         Reflect  .   (no cloak)
rCorr    .         Harm     .   (no gloves)
MR       .....                  (no boots)
Stlth    +++.......             (no amulet)
HPRegen  0.17/turn              l - +3 ring of intelligence
MPRegen  0.14/turn              (no ring)

@: agile, lethally poisoned (0 -> -32), very slightly contaminated
A: distributed training, fangs 1, strong nose
a: no special abilities


You were on level 5 of the Dungeon.
You were not hungry.

You visited 1 branch of the dungeon, and saw 5 of its levels.

You collected 256 gold pieces.

Inventory:

Hand Weapons
 u - a +2 hand axe of chopping
 v - a +0 battleaxe
 x - a +4 falchion (weapon)
Missiles
 a - 76 arrows
Armour
 b - a +0 robe
 e - a +0 scale mail
 r - a +1 leather armour of fire resistance (worn)
 w - a +0 plate armour
Jewellery
 l - a +3 ring of intelligence (left hand)
Wands
 o - a wand of iceblast (4)
Scrolls
 f - 3 scrolls of teleportation
 g - 5 scrolls of identify
 h - a scroll of enchant armour {unknown}
 m - a scroll of enchant weapon {unknown}
 n - 2 scrolls of random uselessness {unknown}
 p - 2 scrolls of fear {unknown}
 q - a scroll of remove curse {unknown}
 s - a scroll of immolation {unknown}
 t - a scroll of blinking {unknown}
Potions
 c - a potion of ambrosia {unknown}
 j - a potion of agility
 k - a potion of experience {unknown}
 z - a potion of magic {unknown}
Comestibles
 d - 5 rations


   Skills:
 + Level 3.7 Fighting
 + Level 2.6 Short Blades
 + Level 2.6 Long Blades
 + Level 2.6 Axes
 + Level 2.6 Maces & Flails
 + Level 2.6 Polearms
 + Level 2.6 Staves
 + Level 2.6 Slings
 + Level 2.6 Bows
 + Level 2.6 Crossbows
 + Level 2.6 Throwing
 + Level 2.6 Armour
 + Level 5.3 Dodging
 + Level 2.6 Stealth
 + Level 2.6 Shields
 + Level 7.1 Unarmed Combat
 + Level 5.7 Spellcasting
 + Level 2.1 Conjurations
 + Level 2.1 Hexes
 + Level 2.1 Charms
 + Level 2.1 Summonings
 + Level 2.1 Necromancy
 + Level 2.1 Translocations
 + Level 4.4 Transmutations
 + Level 2.1 Fire Magic
 + Level 2.1 Ice Magic
 + Level 2.1 Air Magic
 + Level 2.1 Earth Magic
 + Level 2.1 Poison Magic
 + Level 2.9 Invocations
 + Level 2.6 Evocations


You had 7 spell levels left.
You knew the following spells:

 Your Spells              Type           Power        Failure   Level  Hunger
a - Beastly Appendage     Tmut           ###...       2%          1    None
b - Sticks to Snakes      Tmut           ###.....     3%          2    None
c - Spider Form           Tmut/Pois      ###.......   11%         3    ##.....
d - Ice Form              Ice/Tmut       ###.....     34%         4    ####...

Your spell library contained the following spells:

 Spells                   Type           Power        Failure   Level  Hunger
 Magic Dart               Conj           ##..         6%          1    None
 Blink                    Tloc           N/A          9%          2    None
 Call Imp                 Summ           ##......     9%          2    None
 Slow                     Hex            ##......     9%          2    None
 Conjure Flame            Conj/Fire      ##......     17%         3    ##.....
 Mephitic Cloud           Conj/Pois/Air  ##......     17%         3    ##.....
 Blade Hands              Tmut           ###.......   54%         5    #####..


Dungeon Overview and Level Annotations

Branches:
Dungeon (5/15)
 Temple: D:4-7

Altars:


Innate Abilities, Weirdness & Mutations

Your experience applies equally to all skills.
You have very sharp teeth.
Your uncanny sense of smell can sniff out nearby items.


Message History

There is a lethal amount of poison in your body!
There is a lethal amount of poison in your body!
There is a lethal amount of poison in your body!
There is a lethal amount of poison in your body!
You miss the killer bee.
The killer bee is moderately wounded.
You feel sick. The killer bee stings you.
* * * LOW HITPOINT WARNING * * *
The killer bee stings you but does no damage.
The killer bee closely misses you. The killer bee barely misses you.
The killer bee completely misses you. The killer bee stings you.
* * * LOW HITPOINT WARNING * * *
The killer bee misses you. The killer bee stings you!
* * * LOW HITPOINT WARNING * * *
You are more poisoned.
The killer bee poisons you!
It was a potion of agility.
You feel agile all of a sudden.
Your surroundings suddenly seem different.
You die...

# . .. . #.### .
#....#### . #...@..#
.
#................###!
#......#.........##yy
#......#.........##.#
##...####........##y#
...## #........##y.
.... #........##..
#.... #.........#..
#(...........


There were no monsters in sight!

Vanquished Creatures
  A water moccasin (D:3)
  An orc warrior (D:4)
  The ghost of Mrkan the Cudgeler, an amateur GrMo (D:3)
  A bullfrog (D:3)
  A howler monkey (D:3)
  A hound (D:4)
  An orc priest (D:4)
  2 orc wizards (D:4)
  An iguana (D:4)
  A worker ant (D:4)
  A river rat (D:3)
  7 adders
  An ooze (D:1)
  2 worms
  4 dart slugs
  16 orcs
  4 giant cockroaches
  6 hobgoblins
  5 jackals (D:4)
  9 kobolds
  4 quokkas
  8 bats
  5 frilled lizards
  3 goblins
  A jackal skeleton (D:4)
  A quokka skeleton (D:4)
  7 rats
95 creatures vanquished.

Notes
Turn   | Place    | Note
-------+----------+-------------------------------------------
     0 | D:1      | Asagix the Gnoll Transmuter began the quest for the Orb.
     0 | D:1      | Reached XP level 1. HP: 17/17 MP: 6/6
   151 | D:1      | Reached XP level 2. HP: 23/23 MP: 7/7
   157 | D:1      | Learned a level 2 spell: Sticks to Snakes
   450 | D:1      | Reached XP level 3. HP: 27/28 MP: 9/9
   455 | D:1      | Learned a level 3 spell: Spider Form
   531 | D:2      | Reached skill level 5 in Spellcasting
   837 | D:2      | Reached skill level 1 in Invocations
   990 | D:2      | Reached skill level 1 in Short Blades
   990 | D:2      | Reached skill level 1 in Long Blades
   990 | D:2      | Reached skill level 1 in Axes
   990 | D:2      | Reached skill level 1 in Maces & Flails
   990 | D:2      | Reached skill level 1 in Polearms
   990 | D:2      | Reached skill level 1 in Staves
   990 | D:2      | Reached skill level 1 in Slings
   990 | D:2      | Reached skill level 1 in Bows
   990 | D:2      | Reached skill level 1 in Crossbows
   990 | D:2      | Reached skill level 1 in Throwing
   990 | D:2      | Reached skill level 1 in Armour
   990 | D:2      | Reached skill level 1 in Stealth
   990 | D:2      | Reached skill level 1 in Shields
   990 | D:2      | Reached skill level 1 in Evocations
   990 | D:2      | Reached XP level 4. HP: 23/34 MP: 7/11
  1569 | D:3      | Reached skill level 1 in Conjurations
  1569 | D:3      | Reached skill level 1 in Hexes
  1569 | D:3      | Reached skill level 1 in Charms
  1569 | D:3      | Reached skill level 1 in Summonings
  1569 | D:3      | Reached skill level 1 in Necromancy
  1569 | D:3      | Reached skill level 1 in Translocations
  1569 | D:3      | Reached skill level 1 in Fire Magic
  1569 | D:3      | Reached skill level 1 in Ice Magic
  1569 | D:3      | Reached skill level 1 in Air Magic
  1569 | D:3      | Reached skill level 1 in Earth Magic
  1569 | D:3      | Reached skill level 1 in Poison Magic
  1612 | D:3      | Noticed a water moccasin
  1615 | D:3      | Reached XP level 5. HP: 33/40 MP: 8/12
  1633 | D:3      | Killed a water moccasin
  1633 | D:3      | Reached XP level 6. HP: 20/47 MP: 10/13
  1881 | D:3      | Found a runed translucent door.
  2183 | D:3      | Noticed Mrkan's ghost (amateur GrMo)
  2198 | D:3      | Reached skill level 5 in Dodging
  2206 | D:3      | Killed Mrkan's ghost
  2206 | D:3      | Reached XP level 7. HP: 19/52 MP: 12/15
  2211 | D:3      | Found a runed translucent door.
  2396 | D:3      | Learned a level 4 spell: Ice Form
  2572 | D:4      | Reached skill level 7 in Unarmed Combat
  3580 | D:5      | Entered Level 5 of the Dungeon
  3609 | D:5      | HP: 2/53 [killer bee (2)]
  3613 | D:5      | Succumbed to a killer bee's poison

Skill      XL: |  1  2  3  4  5  6  7 |
---------------+----------------------+-----
Spellcasting   | 5 |  5.7
Invocations    | 1 2 |  2.9
Short Blades   | 1 2 |  2.6
Long Blades    | 1 2 |  2.6
Axes           | 1 2 |  2.6
Maces & Flails | 1 2 |  2.6
Polearms       | 1 2 |  2.6
Staves         | 1 2 |  2.6
Slings         | 1 2 |  2.6
Bows           | 1 2 |  2.6
Crossbows      | 1 2 |  2.6
Throwing       | 1 2 |  2.6
Armour         | 1 2 |  2.6
Stealth        | 1 2 |  2.6
Shields        | 1 2 |  2.6
Evocations     | 1 2 |  2.6
Conjurations   | 1 2 |  2.1
Hexes          | 1 2 |  2.1
Charms         | 1 2 |  2.1
Summonings     | 1 2 |  2.1
Necromancy     | 1 2 |  2.1
Translocations | 1 2 |  2.1
Fire Magic     | 1 2 |  2.1
Ice Magic      | 1 2 |  2.1
Air Magic      | 1 2 |  2.1
Earth Magic    | 1 2 |  2.1
Poison Magic   | 1 2 |  2.1
Fighting       | 3 |  3.7
Transmutations | 4 |  4.4
Dodging        | 5 |  5.3
Unarmed Combat | 7 |  7.1

Action                   |  1- 3 |  4- 6 |  7- 9 || total
-------------------------+-------+-------+-------++-------
Melee: Unarmed           |   101 |   118 |    16 ||   235
       Bite              |     7 |     8 |     8 ||    23
       Punch             |     2 |     3 |     2 ||     7
       Falchion          |       |       |    36 ||    36
       Battleaxe         |       |       |    30 ||    30
       Hand axe          |       |       |     5 ||     5
 Cast: Beastly Appendage |     2 |       |       ||     2
       Sticks to Snakes  |     1 |       |       ||     1
       Spider Form       |     1 |     2 |       ||     3
       Ice Form          |       |       |     1 ||     1
  Use: Scroll            |     1 |       |     1 ||     2
       Potion            |       |     1 |     4 ||     5
  Eat: Ration            |       |     2 |     1 ||     3
Armor: Scale mail        |    54 |    14 |       ||    68
       Skin              |       |     3 |     3 ||     6
       Leather armour    |       |     9 |     7 ||    16
       Plate armour      |       |       |    52 ||    52
Dodge: Dodged            |    80 |   120 |   103 ||   303
       Rpst.: Falchion   |       |       |    21 ||    21
